 Dungeon Sprint DCSS version 0.20.1-1-g8b1a95d (webtiles) character file.

0 potatolord6000 the Caller (level 1, 0/10 HPs)
             Began as a Deep Elf Summoner on Aug 29, 2017.
             Was an Initiate of Sif Muna.
             Slain by an ufetubus (2 damage)
             ... in the Dungeon (Sprint VII: "The Pits").
             The game lasted 00:01:11 (103 turns).

potatolord6000 the Caller (Deep Elf Summoner)        Turns: 103, Time: 00:01:12

Health: 0/10       AC:  2    Str:  5    XL:     1   Next: 8%
Magic:  0/6        EV: 13    Int: 19    God:    Sif Muna [......]
Gold:   0          SH:  0    Dex: 15    Spells: 5/6 levels left

rFire    . . .     SeeInvis .   j - +2 dagger
rCold    . . .     Gourm    .   (no shield)
rNeg     . . .     Faith    .   a - +0 robe
rPois    .         Spirit   .   (no helmet)
rElec    .         Reflect  .   (no cloak)
rCorr    .         Harm     .   (no gloves)
MR       .....     NoTele   +   (no boots)
Stlth    ++........             (no amulet)
Regen    0.1/turn               (no ring)
MPRegen  0.1/turn               (no ring)

@: no status effects
A: no striking features
a: Renounce Religion


You were in the Dungeon.
You worshipped Sif Muna.
Sif Muna was noncommittal.
You were not hungry.

You visited 1 branch

Inventory:

Hand Weapons
 j - a +2 dagger (weapon)
Armour
 a - a +0 robe (worn)
Scrolls
 i - a scroll of blinking
 l - 3 scrolls of remove curse
 m - 5 scrolls of amnesia
 n - a scroll of summoning
Potions
 e - a potion of heal wounds
 f - a potion of haste
 g - 4 potions of magic
 h - 3 potions of berserk rage
 k - 2 potions of invisibility
Books
 b - a book of Callings

   Spells                             Type                      Level
   a - Summon Small Mammal            Summoning                    1
   b - Call Imp                       Summoning                    2
   c - Call Canine Familiar           Summoning                    3
   d - Summon Guardian Golem          Hexes/Summoning              3
   e - Summon Lightning Spire         Summoning/Air                4
   f - Summon Ice Beast               Ice/Summoning                4
Comestibles
 c - 8 bread rations
 o - 40 fruits
 p - 7 meat rations


   Skills:
 - Level 2.4 Dodging
 + Level 2.7 Stealth
 + Level 3.2 Spellcasting
 + Level 4.5 Summonings


You had 5 spell levels left.
You knew the following spells:

 Your Spells              Type           Power        Failure   Level  Hunger
a - Summon Small Mammal   Summ           ###.         2%          1    None


Dungeon Overview and Level Annotations

Branches:
Dungeon (1/1)

Altars:
Ashenzari
Cheibriados
Dithmenos
Elyvilon
Fedhas
Gozag
Hepliaklqana
Kikubaaqudgha
Makhleb
Nemelex Xobeh
Okawaru
Qazlal
Ru
Sif Muna
Trog
Uskayaw
Vehumet
Xom
Yredelemnul
Zin
The Shining One
Beogh
Jiyva
Lugonu


Message History

The ufetubus barely misses your rat. The ufetubus hits your rat.
Casting: Summon Small Mammal
Confirm with . or Enter, or press ? or * to list all spells.
The ufetubus hits your rat.
Your rat dies!
Your rat's corpse disappears in a puff of smoke!
Your quokka barely misses the ufetubus.
Your quokka misses the ufetubus. The adder bites your bat.
Your bat dies!
Your bat's corpse disappears in a puff of smoke!
Your quokka barely misses the adder.
Casting: Summon Small Mammal
Confirm with . or Enter, or press ? or * to list all spells.
The ufetubus hits you. x3
* * * LOW HITPOINT WARNING * * *
The ufetubus misses you. The adder barely misses you.
The adder barely misses your quokka.
Your quokka completely misses the ufetubus.
The ufetubus hits you.
You die...

##### ___.# ___.#
_...###########++######
###'##................#
))'.##......#..#......#
###.##........Sr......+
.....†........r5@.....+
'#####......#..#......#
.# #................#
.# ####'#####++######
## #.......# #.......#
#.......# #...<...#
#.......#


You could see an adder, an ufetubus and 2 friendly quokkas.

Vanquished Creatures (collateral kills)
  A kobold (D)
1 creature vanquished.

Vanquished Creatures (others)
  A pearl dragon (D)
  A red draconian (D)
  A vault guard (D)
3 creatures vanquished.

Grand Total: 4 creatures vanquished

Notes
Turn   | Place    | Note
-------+----------+-------------------------------------------
     0 | D        | potatolord6000 the Deep Elf Summoner began the quest for the Orb.
     0 | D        | Reached XP level 1. HP: 10/10 MP: 6/6
    18 | D        | Killed a vault guard
    33 | D        | Killed a pearl dragon
    59 | D        | Found a bloodstained altar of Trog.
    59 | D        | Found a deep blue altar of Sif Muna.
    59 | D        | Found a viscous altar of Jiyva.
    59 | D        | Found a hazy altar of Hepliaklqana.
    59 | D        | Found an opulent altar of Gozag.
    60 | D        | Found a glowing golden altar of the Shining One.
    60 | D        | Found a glowing silver altar of Zin.
    60 | D        | Found a basalt altar of Yredelemnul.
    60 | D        | Found a shimmering altar of Xom.
    60 | D        | Found a sacrificial altar of Ru.
    60 | D        | Found a stormy altar of Qazlal.
    60 | D        | Found an iron altar of Okawaru.
    60 | D        | Found a sparkling altar of Nemelex Xobeh.
    60 | D        | Found a burning altar of Makhleb.
    60 | D        | Found a blossoming altar of Fedhas.
    60 | D        | Found a white marble altar of Elyvilon.
    60 | D        | Found a shadowy altar of Dithmenos.
    60 | D        | Found a snail-covered altar of Cheibriados.
    62 | D        | Found a radiant altar of Vehumet.
    62 | D        | Found a corrupted altar of Lugonu.
    62 | D        | Found a roughly hewn altar of Beogh.
    63 | D        | Found a hide-covered altar of Uskayaw.
    63 | D        | Found an ancient bone altar of Kikubaaqudgha.
    63 | D        | Found a shattered altar of Ashenzari.
    65 | D        | Became a worshipper of Sif Muna the Loreminder
    68 | D        | Killed a red draconian
   103 | D        | Slain by an ufetubus

Action                   || total
-------------------------++-------
 Cast: Summon Small Mamm ||    12
  Use: Potion            ||     1
Armor: Robe              ||     1
Dodge: Dodged            ||     9
